 Dungeon Crawl Stone Soup version 0.26-a0-661-g406de6ba63 (webtiles) character file.

Game seed: 15775366848996481358

199 halkony2012 the Chopper (level 5, -2/47 HPs)
             Began as a Hill Orc Monk on Oct 8, 2020.
             Slain by an adder (3 damage)
             ... on level 1 of the Dungeon.
             The game lasted 00:03:35 (1414 turns).

halkony2012 the Chopper (Hill Orc Monk)             Turns: 1414, Time: 00:03:36

Health: -2/47      AC:  2    Str: 15    XL:     5   Next: 77%
Magic:  5/5        EV: 13    Int: 10    God:
Gold:   27         SH:  0    Dex: 13    Spells: 4/4 levels left

rFire    . . .     SeeInvis .   a - +0 hand axe
rCold    . . .     Faith    .   (no shield)
rNeg     . . .     Spirit   .   b - +0 robe
rPois    .         Reflect  .   (no helmet)
rElec    .         Harm     .   (no cloak)
rCorr    .         Rampage  .   (no gloves)
MR       .....                  (no boots)
Stlth    ++........             (no amulet)
HPRegen  0.15/turn              (no ring)
MPRegen  0.09/turn              (no ring)

@: lethally poisoned (-2 -> -4)
A: no striking features
a: no special abilities


You were on level 1 of the Dungeon.
You visited 1 branch of the dungeon, and saw 2 of its levels.

You collected 27 gold pieces.

Inventory:

Hand Weapons
 a - a +0 hand axe (weapon)
Armour
 b - a +0 robe (worn)
Jewellery
 d - a +6 ring of dexterity {unknown}
 f - an uncursed ring of protection from magic {unknown}
Scrolls
 c - 5 scrolls of remove curse {unknown}
 e - 3 scrolls of identify {unknown}


   Skills:
 + Level 4.8 Fighting
 + Level 6.0 Axes
 + Level 3.2 Dodging
 + Level 2.4 Stealth


You had 4 spell levels left.
You didn't know any spells.
Your spell library was empty.

Dungeon Overview and Level Annotations

Branches:
Dungeon (2/15)

Altars:
Makhleb
Zin

Annotations:
D:2 Jessica, Robin


Message History

The goblin closely misses you. The adder misses you.
You climb upwards.
There is a stone staircase leading down here.
You hit the goblin.
You kill the goblin!
You hit the adder but do no damage. The adder completely misses you.
The adder closely misses you. The adder closely misses you.
You see here a goblin corpse.
The adder bites you.
* * * LOW HITPOINT WARNING * * *
You are poisoned.
The adder poisons you!
You feel sick.
You barely miss the adder.
You feel sick. The adder bites you.
* * * LOW HITPOINT WARNING * * *
You hit the adder.
The adder is lightly wounded.
The adder bites you.
You die...

########## #........#
########## #.####.#.#
#........# ######.####.#.#
#.######.# #.........#.#.#
#.# #.###.####.##......
#.######.##.#.##...###.#.#
#(##>†..S@.###.........#.#
#.##.###.##.#.##.........#
#.##.# #.###.####.########
#.##.###.# ### #.#
#........# #.# ##..(..###
##'## #.###.# ##...## #.#
#.## ##.....## ##.###..##
##.......## #


You could see an adder.

Vanquished Creatures
  Sigmund (D:1)
  An adder (D:2)
  A dart slug (D:1)
  A leopard gecko (D:2)
  A ball python (D:2)
  A giant cockroach (D:1)
  4 goblins (D:1)
  2 hobgoblins (D:1)
  A jackal (D:2)
  3 kobolds (D:1)
  3 bats
  A frilled lizard (D:1)
  6 rats
26 creatures vanquished.

Notes
Turn   | Place    | Note
-------+----------+-------------------------------------------
     0 | D:1      | halkony2012 the Hill Orc Monk began the quest for the Orb.
     0 | D:1      | Reached XP level 1. HP: 19/19 MP: 1/1
   226 | D:1      | Reached XP level 2. HP: 27/27 MP: 2/2
  1171 | D:2      | Noticed Sigmund
  1171 | D:2      | Noticed Robin
  1178 | D:1      | Killed Sigmund
  1178 | D:1      | Reached skill level 5 in Axes
  1178 | D:1      | Reached XP level 3. HP: 35/35 MP: 3/3
  1178 | D:1      | Reached XP level 4. HP: 41/41 MP: 4/4
  1178 | D:1      | Reached XP level 5. HP: 47/47 MP: 5/5
  1299 | D:2      | Reached skill level 6 in Axes
  1362 | D:2      | Found a glowing silver altar of Zin.
  1363 | D:2      | Found a burning altar of Makhleb.
  1365 | D:2      | Noticed an angel
  1365 | D:2      | Noticed Jessica
  1367 | D:2      | Noticed a blizzard demon
  1413 | D:1      | HP: 1/47 [adder (3)]
  1414 | D:1      | Slain by an adder

Illustrated notes

Levels and vault maps discovered:
D:1:      minmay_arrival_arboretum_small, layout_loops_corners,
          item_on_display_a
D:2:      layout_loops_ring, grunt_temple_overflow_order_and_chaos_2,
          amethyst_overflow_temple_binary, kennysheep_generic_room_9,
          uniq_robin, uniq_sigmund, uniq_jessica

Skill      XL: |  1  2  3  4  5 |
---------------+----------------+-----
Fighting       | 4 |  4.8
Axes           | 5 6 |  6.0
Dodging        | 3 |  3.2
Stealth        | 2 |  2.4

Action                   |  1- 3 |  4- 6 || total
-------------------------+-------+-------++-------
Melee: Hand axe          |    65 |    34 ||    99
  Use: Potion            |     1 |       ||     1
       Scroll            |       |     2 ||     2
 Stab: Sleeping          |     3 |     1 ||     4
Armor: Robe              |    14 |    11 ||    25
Dodge: Dodged            |    51 |    52 ||   103

Table legend: (Time is in decaauts)
 A = Elapsed time spent in this place.
 B = Non-inter-level travel time spent in this place.
 C = Inter-level travel time spent in this place.
 D = Time resting spent in this place.
 E = Time spent auto-exploring this place.
 F = Levels seen in this place.
 G = Mean time per level.
                   A        B        C        D        E       F      G
               +--------+--------+--------+--------+--------+-----+--------+
         Total |   1436 |   1297 |    139 |    234 |    733 |   2 |  718.0 |
       Dungeon |   1436 |   1297 |    139 |    234 |    733 |   2 |  718.0 |
               +--------+--------+--------+--------+--------+-----+--------+

Top non-repeatable levels by time:
     D:1: 1332 daAuts
     D:2: 103 daAuts
